 Dungeon Crawl Stone Soup version 0.23.2-1-ga50397a (webtiles) character file.

Game seed: 13429481234732983301

531 IBeShadow the Caller (level 7, -1/58 HPs)
             Began as a Green Draconian Summoner on May 10, 2019.
             Was an Initiate of Ashenzari.
             Slain by a slave (9 damage)
             ... led by Pikel
             ... on level 4 of the Dungeon.
             The game lasted 00:15:41 (5273 turns).

IBeShadow the Caller (Green Draconian Summoner)     Turns: 5273, Time: 00:15:42

Health: -1/58      AC: 11    Str: 10    XL:     7   Next: 3%
Magic:  1/10       EV: 12    Int: 18    God:    Ashenzari [......]
Gold:   246        SH:  0    Dex: 11    Spells: 4/10 levels left

rFire    . . .     SeeInvis .   v - +0 trident
rCold    . . .     Gourm    +   (no shield)
rNeg     . . .     Faith    .   (armour unavailable)
rPois    +         Spirit   .   (helmet restricted)
rElec    .         Reflect  .   u - +2 cloak {MR+}
rCorr    .         Harm     .   A - +0 pair of gloves
MR       ++...                  g - +0 pair of boots
Stlth    ++........             w - amulet of the gourmand
HPRegen  0.19/turn              n - ring of protection from magic
MPRegen  0.12/turn              (no ring)

@: short of breath
A: breathe noxious fumes, unfitting armour, poison resistance, cold-blooded, AC
+6
a: Breathe Noxious Fumes, Curse Item, Renounce Religion


You were on level 4 of the Dungeon.
You worshipped Ashenzari.
Ashenzari was noncommittal.
You were not hungry.

You visited 2 branches of the dungeon, and saw 5 of its levels.

You collected 246 gold pieces.

Inventory:

Hand Weapons
 v - a +0 trident (weapon)
Armour
 g - a +0 pair of boots (worn)
 u - a +2 cloak of magic resistance (worn)
 A - a +0 pair of gloves (worn)
Jewellery
 n - a ring of protection from magic (left hand)
 w - an amulet of the gourmand (around neck)
Wands
 r - a wand of disintegration (18)
 s - a wand of flame (14)
 t - a wand of paralysis (4)
 y - a wand of polymorph (4)
Scrolls
 a - a scroll of immolation {unknown}
 c - a scroll of remove curse
 d - a scroll of amnesia {unknown}
 h - a scroll of fear {unknown}
 j - a scroll of enchant armour {unknown}
 k - 2 scrolls of fog {unknown}
 p - 2 scrolls of magic mapping {unknown}
 q - 2 scrolls of identify {unknown}
 x - a scroll of random uselessness {unknown}
Potions
 e - a potion of might {unknown}
 f - a potion of experience {unknown}
 i - a potion of lignification {unknown}
 l - 2 potions of curing
 m - 3 potions of degeneration {unknown}
 o - 2 potions of ambrosia {unknown}
 z - 2 potions of mutation {unknown}
 B - a potion of haste {unknown}
 C - a potion of brilliance {unknown}
Comestibles
 b - 2 rations


   Skills:
 + Level 3.8 Fighting
 + Level 3.0 Polearms
 - Level 1.7 Dodging
 - Level 1.7 Stealth
 - Level 2.0 Spellcasting
 * Level 6.8 Summonings


You had 4 spell levels left.
You knew the following spells:

 Your Spells              Type           Power        Failure   Level  Hunger
a - Summon Small Mammal   Summ           ####         1%          1    #......
b - Call Imp              Summ           ####....     1%          2    ###....
c - Call Canine Familiar  Summ           ####....     3%          3    ###....

Your spell library contained the following spells:

 Spells                   Type           Power        Failure   Level  Hunger
 Summon Guardian Golem    Hex/Summ       ##......     14%         3    ###....
 Summon Ice Beast         Ice/Summ       ##......     41%         4    #####..
 Summon Lightning Spire   Summ/Air       ##......     41%         4    #####..


Dungeon Overview and Level Annotations

Branches:
Dungeon (4/15)             Temple (1/1) D:4

Altars:
Ashenzari
Cheibriados
Dithmenos
Elyvilon
Fedhas
Gozag
Hepliaklqana
Kikubaaqudgha
Makhleb
Nemelex Xobeh
Okawaru
Qazlal
Ru
Sif Muna
Trog
Uskayaw
Vehumet
Wu Jian
Xom
Yredelemnul
Zin
The Shining One

Annotations:
D:4 Grinder, Ijyb, Pikel, Sigmund


Innate Abilities, Weirdness & Mutations

You can breathe blasts of noxious fumes.
Your lurid green scales are hard. (AC +6)
You cannot fit into any form of body armour.
Your system is resistant to poisons. (rPois)
You are cold-blooded and may be slowed by cold attacks.


Message History

You puncture the slave!
The slave is severely wounded.
The slave hits you but does no damage.
The slave is engulfed in noxious fumes.
The slave appears confused.
The slave closely misses you.
Pikel is engulfed in noxious fumes.
Pikel appears confused.
Pikel gestures wildly.
You strike the helpless Pikel from behind!
You hit Pikel but do no damage.
Pikel is severely wounded.
The slave hits you but does no damage. Pikel closely misses you.
The slave hits you.
You hit Pikel but do no damage.
Pikel is severely wounded.
Pikel hits you with a +2 whip of electrocution.
You are electrocuted!
* * * LOW HITPOINT WARNING * * *
The slave hits you but does no damage.
The slave hits the slave but does no damage.
The slave hits you!
You die...

#...≈...)...
#########...≈.......
#......##..#≈#.....# #######
###......>...#≈≈≈)≈≈≈≈ #.....#
#....p...#...###.....#
#.###.###.#......#§#..........
#...#.....#......#.#.........#
###.#..#..#.....K[...........#
#.#.....#..@p..#.#........##
#...÷#.......p.#.#........#
#########......#.######...#
#.##.###.##.##########
#....###.##.......#
#.###....########.#
#.....#.....# #÷#
#.###.#.###.# #.#
#####.#.###.# #.#


You could see Pikel (confused) and 3 slaves.

Vanquished Creatures
  An ogre (D:4)
  An orc priest (Temple)
  Natasha (D:4)
  A howler monkey skeleton (D:3)
  6 adders
  An ooze (Temple)
  A worm (D:3)
  3 dart slugs
  A leopard gecko (D:1)
  5 orcs
  3 giant cockroaches
  7 goblins
  9 hobgoblins
  4 jackals (D:1)
  2 quokkas (D:2)
  9 bats
  A frilled lizard (D:2)
  10 kobolds
  7 rats (D:1)
73 creatures vanquished.

Vanquished Creatures (collateral kills)
  Menkaure (D:4)
  A slave (D:4)
  A phantom (D:4)
  An ogre (D:4)
  A howler monkey (D:3)
  A jelly (D:3)
  A hound (D:4)
  Crazy Yiuf (D:2)
  An orc wizard (D:4)
  Robin (D:3)
  An adder (D:2)
  A worm (D:2)
  A leopard gecko (D:3)
  3 orcs
  4 goblins (D:3)
  A hobgoblin (D:1)
  3 kobolds
  A rat (D:1)
25 creatures vanquished.

Grand Total: 98 creatures vanquished

Notes
Turn   | Place    | Note
-------+----------+-------------------------------------------
     0 | D:1      | IBeShadow the Draconian Summoner began the quest for the
                  | Orb.
     0 | D:1      | Reached XP level 1. HP: 14/14 MP: 3/3
   217 | D:1      | Reached XP level 2. HP: 10/22 MP: 0/5
   260 | D:1      | Reached skill level 1 in Fighting
   393 | D:1      | Learned a level 2 spell: Call Imp
   573 | D:1      | Reached XP level 3. HP: 18/28 MP: 4/6
  1270 | D:2      | Found a runed translucent door.
  1271 | D:2      | Noticed Crazy Yiuf
  1527 | D:2      | Reached skill level 5 in Summonings
  1596 | D:2      | Found a shadowy altar of Dithmenos.
  1822 | D:2      | Reached XP level 4. HP: 31/36 MP: 5/7
  2206 | D:2      | Killed Crazy Yiuf
  2206 | D:2      | Reached skill level 1 in Polearms
  2751 | D:3      | Learned a level 3 spell: Call Canine Familiar
  2799 | D:3      | Reached XP level 5. HP: 31/42 MP: 8/8
  2900 | D:3      | Noticed Robin
  2903 | D:3      | Killed Robin
  3844 | D:4      | Noticed an ogre
  3854 | D:4      | Killed an ogre
  3854 | D:4      | Reached skill level 6 in Summonings
  3865 | D:4      | Found a staircase to the Ecumenical Temple.
  3867 | D:4      | Noticed a phantom
  3890 | D:4      | Killed a phantom
  3890 | D:4      | Reached XP level 6. HP: 44/51 MP: 1/9
  3904 | Temple   | Entered the Ecumenical Temple
  4244 | Temple   | Became a worshipper of Ashenzari the Shackled
  4544 | D:4      | Noticed Menkaure
  4560 | D:4      | Killed Menkaure
  4824 | D:4      | Noticed Pikel
  4824 | D:4      | Noticed a slave
  4824 | D:4      | Noticed a slave
  4824 | D:4      | Noticed a slave
  4824 | D:4      | Noticed a slave
  5007 | D:4      | Noticed Grinder
  5007 | D:4      | Noticed Ijyb
  5007 | D:4      | Noticed Sigmund
  5138 | D:4      | Noticed Natasha
  5143 | D:4      | Killed Natasha
  5143 | D:4      | Your scales start taking on a lurid green colour.
  5143 | D:4      | Reached XP level 7. HP: 58/58 MP: 10/10
  5143 | D:4      | Gained mutation: Your system is resistant to poisons.
                  | (rPois) [Green Draconian growth]
  5273 | D:4      | Slain by a slave

Skill      XL: |  1  2  3  4  5  6 |
---------------+-------------------+-----
Fighting       | 1 2 3 |  3.8
Summonings     | 5 6 |  6.8
Polearms       | 1 2 3 |  3.0
Dodging        | |  1.7
Stealth        | |  1.7
Spellcasting   | |  2.0

Action                   |  1- 3 |  4- 6 |  7- 9 || total
-------------------------+-------+-------+-------++-------
Melee: Unarmed           |    17 |       |       ||    17
       Short sword       |    32 |       |       ||    32
       Tailslap          |    15 |    11 |     4 ||    30
       Mace              |    16 |       |       ||    16
       Spear             |    77 |    37 |       ||   114
       Trident           |       |   130 |    25 ||   155
 Cast: Summon Small Mamm |    10 |     4 |       ||    14
       Call Imp          |     4 |    18 |     4 ||    26
       Call Canine Famil |       |    13 |     2 ||    15
 Abil: Breathe Noxious F |       |       |     1 ||     1
  Use: Scroll            |       |     1 |       ||     1
       Potion            |       |     1 |       ||     1
 Stab: Sleeping          |     5 |     4 |       ||     9
       Distracted        |       |     3 |       ||     3
       Confused          |       |       |     1 ||     1
  Eat: Chunk             |     3 |     8 |     3 ||    14
       Ration            |       |     2 |       ||     2
Armor: Skin              |    45 |    49 |    15 ||   109
Dodge: Dodged            |    78 |   106 |    17 ||   201
